 Dungeon Crawl Stone Soup version 0.21.1-1-g345015fe64 (webtiles) character file.

102 striped the Slinger (level 5, -4/34 HPs)
             Began as a Halfling Hunter on July 21, 2018.
             Slain by a scorpion (5 damage)
             ... on level 4 of the Dungeon.
             The game lasted 00:26:53 (1910 turns).

striped the Slinger (Halfling Hunter)               Turns: 1910, Time: 00:26:53

Health: -4/34      AC:  3    Str: 13    XL:     5   Next: 6%
Magic:  5/5        EV: 15    Int:  9    God:
Gold:   104        SH:  0    Dex: 16    Spells: 4/4 levels left

rFire    . . .     SeeInvis .   a - +1 hunting sling
rCold    . . .     Gourm    .   (shield restricted)
rNeg     . . .     Faith    .   c - +0 leather armour
rPois    .         Spirit   .   (no helmet)
rElec    .         Reflect  .   (no cloak)
rCorr    .         Harm     .   (no gloves)
MR       .....                  (no boots)
Stlth    ++........             (no amulet)
HPRegen  0.11/turn              (no ring)
MPRegen  0.09/turn              (no ring)

@: lethally poisoned (-4 -> -21)
A: small, mutation resistance 1
a: no special abilities


You were on level 4 of the Dungeon.
You were not hungry.

You visited 1 branch of the dungeon, and saw 4 of its levels.

You collected 104 gold pieces.

Inventory:

Hand Weapons
 a - a +1 hunting sling (weapon)
 b - a +0 short sword
 h - a +0 club
 l - a +0 dagger
 n - a +0 dagger
 o - a +1 dagger of speed
 r - a +0 short sword
 u - a +0 dagger
 v - a +0 short sword
 x - a +0 whip
Missiles
 d - 9 sling bullets (quivered)
 i - 11 javelins
 m - 80 arrows
 t - 56 stones
Armour
 c - a +0 leather armour (worn)
 A - a +0 robe
 G - a +0 plate armour
 H - a +0 chain mail
Scrolls
 e - a scroll of amnesia
 j - a scroll of teleportation {unknown}
 p - a scroll of magic mapping {unknown}
 q - 2 scrolls of noise {unknown}
 w - a scroll of remove curse {unknown}
 y - a scroll of enchant armour {unknown}
 z - a scroll of fear {unknown}
 C - a scroll of identify {unknown}
 D - a scroll of random uselessness {unknown}
 I - a scroll of fog {unknown}
Potions
 k - a potion of berserk rage {unknown}
 s - a potion of agility {unknown}
 B - 2 potions of curing {unknown}
 E - a potion of heal wounds {unknown}
 F - a potion of brilliance {unknown}
Comestibles
 f - 5 rations
 g - 6 chunks of flesh


   Skills:
 + Level 2.2 Fighting
 + Level 8.1 Slings
 + Level 0.5 Armour
 + Level 2.4 Dodging
 + Level 1.1 Stealth


You had 4 spell levels left.
You didn't know any spells.

Dungeon Overview and Level Annotations

Branches:
Dungeon (4/15)
 Temple: D:4-7

Altars:


Innate Abilities, Weirdness & Mutations

You are small and have problems with some larger weapons.
You are somewhat resistant to further mutation.


Message History

Aim: a scorpion (heavily wounded)
You shoot a sling bullet.
The sling bullet barely misses the scorpion.
* * * LOW HITPOINT WARNING * * *
You feel sick.
Firing (i - inventory. (,) - cycle):
d - 9 sling bullets (quivered)
Press: ? - help, Shift-Dir - straight line, f - you, p - scorpion
Okay, then.
* * * LOW HITPOINT WARNING * * *
You feel sick.
* * * LOW HITPOINT WARNING * * *
You feel sick. The scorpion stings you.
* * * LOW HITPOINT WARNING * * *
You are more poisoned.
The scorpion poisons you!
* * * LOW HITPOINT WARNING * * *
You feel sick.
* * * LOW HITPOINT WARNING * * *
You feel sick. The scorpion stings you.
You die...

#......%..# ###
#...#....###(.
######........(..
#......##.....(#####
#......# #((......
#......# #.#
#......## #o#
#.......####s#
#..........@.#
#...<..#######
#......# ########


You could see a scorpion and an orc.

Vanquished Creatures
  3 adders
  A worm (D:4)
  A dart slug (D:1)
  A leopard gecko (D:1)
  An orc (D:4)
  2 ball pythons
  6 bats
  5 giant cockroaches
  4 goblins
  8 hobgoblins
  12 jackals
  A quokka (D:3)
  3 frilled lizards
  5 kobolds
  9 rats
62 creatures vanquished.

Notes
Turn   | Place    | Note
-------+----------+-------------------------------------------
     0 | D:1      | striped the Halfling Hunter began the quest for the Orb.
     0 | D:1      | Reached XP level 1. HP: 14/14 MP: 1/1
    14 | D:1      | Reached skill level 6 in Slings
   156 | D:1      | Reached XP level 2. HP: 19/19 MP: 2/2
   271 | D:1      | Reached XP level 3. HP: 19/24 MP: 3/3
   412 | D:1      | Reached skill level 7 in Slings
  1107 | D:2      | Reached XP level 4. HP: 29/29 MP: 4/4
  1439 | D:3      | Reached skill level 8 in Slings
  1823 | D:4      | Reached XP level 5. HP: 27/34 MP: 5/5
  1910 | D:4      | HP: 1/34 [poisoned by a scorpion]
  1910 | D:4      | Slain by a scorpion

Skill      XL: |  1  2  3  4 |
---------------+-------------+-----
Slings         | 6 7 8 |  8.1
Fighting       | 2 |  2.2
Armour         | |  0.5
Dodging        | |  2.4
Stealth        | |  1.1

Action                   |  1- 3 |  4- 6 || total
-------------------------+-------+-------++-------
 Fire: Hunting sling     |    95 |    71 ||   166
  Use: Scroll            |       |     1 ||     1
  Eat: Chunk             |       |     3 ||     3
Armor: Leather armour    |     5 |     2 ||     7
Dodge: Dodged            |    17 |    17 ||    34
